AoeStats
← ME_DEPRIME_JUGAR_CON_USTEDES

Arabia

508028988Analyzed
4v4 RM · 10d ago on Sep 20, 2026· 76m 18s· 8 players
Game mode
Random Map
Map size
Large (8 player)
Population
200
Speed
Normal
Resources
Standard
Victory
Conquest
Starting age
Dark Age
Ending age
Imperial Age
RankedLock teamsTeams togetherTeam positionsShared explorationLock speedFull tech treeHidden civsTurbo modeCheats
Victory
Defeat
🇫🇮 Hindustanis · Finland
1602
+12
1554
+14
🇭🇰 Goths · Hong Kong SAR China
1529
+15
🇺🇸 Italians · United States
1437
+19
🇧🇪 Japanese · Belgium
1556
-17
🇧🇪 Lithuanians · Belgium
1518
-15
🇳🇱 Spanish · Netherlands
1495
-14
🇧🇪 Tupi · Belgium
1480
-14
flem.Dieterkiller
6:23 Loom
9:16 Feudal Age
10:15 Double-Bit Axe
11:17 Horse Collar
18:09 Scale Barding Armor
23:31 Castle Age
22:18 Forging
23:20 Bloodlines
24:34 Chain Barding Armor
23:35 Light Cavalry
24:16 Husbandry
26:06 Bow Saw
26:26 Heavy Plow
30:53 Iron Casting
36:47 Wheelbarrow
42:34 Imperial Age
44:17 Blast Furnace
42:39 Cavalier
43:20 Fletching
43:31 Padded Archer Armor
44:33 Thumb Ring
45:26 Ballistics
46:07 Chemistry
45:07 Heavy Cavalry Archer
46:23 Parthian Tactics
46:43 Leather Archer Armor
46:57 Bodkin Arrow
47:59 Bracer
49:31 Gold Mining
50:51 Ring Archer Armor
55:47 Elite Skirmisher
57:23 Coinage
59:46 Scale Mail Armor
61:43 Chain Mail Armor
61:48 Siege Engineers
61:55 Masonry
63:37 Plate Mail Armor
65:40 Caravan
66:48 Kataparuto
70:16 Hand Cart
69:47 Town Watch
The Flying Dutch Saucer
5:09 Loom
9:30 Feudal Age
10:10 Double-Bit Axe
13:40 Fletching
15:56 Horse Collar
25:55 Castle Age
24:07 Stone Mining
26:38 Bloodlines
26:24 Gold Mining
26:55 Bow Saw
26:47 Heavy Plow
27:33 Husbandry
28:43 Wheelbarrow
31:43 Hand Cart
39:12 Imperial Age
38:25 Padded Archer Armor
39:51 Leather Archer Armor
40:22 Conscription
41:20 Two-Man Saw
40:54 Scale Barding Armor
40:59 Forging
41:20 Ring Archer Armor
41:33 Light Cavalry
42:35 Chain Barding Armor
42:49 Bodkin Arrow
46:01 Chemistry
44:26 Cavalier
46:25 Plate Barding Armor
46:27 Iron Casting
45:52 Bracer
46:05 Paladin
47:19 Masonry
56:14 Blast Furnace
55:24 Hussar
56:08 Town Watch
59:45 Supremacy
61:57 Architecture
66:33 Hoardings
66:41 Caravan
68:34 Elite Skirmisher
69:49 Scale Mail Armor
71:12 Chain Mail Armor
71:31 Guard Tower
71:26 Arrowslits
75:46 Keep
75:32 Ballistics
75:08 Murder Holes
Piedje Spastcoman
7:13 Loom
10:26 Feudal Age
14:30 Castle Age
13:42 Fletching
16:03 Double-Bit Axe
21:02 Bodkin Arrow
23:06 Padded Archer Armor
25:59 Ballistics
26:20 Leather Archer Armor
32:32 Wheelbarrow
39:00 Bow Saw
38:31 Horse Collar
40:02 Hand Cart
44:22 Imperial Age
41:38 Town Watch
44:45 Scale Mail Armor
44:56 Forging
44:55 Caciques
44:34 Elite Blackwood Archer
45:49 Ring Archer Armor
45:20 Bracer
46:15 Forging
46:18 Curare
48:02 Chemistry
50:23 Conscription
50:08 Scale Mail Armor
55:54 Heavy Plow
58:30 Iron Casting
58:42 Champi Runner
59:23 Squires
59:26 Scale Mail Armor
59:24 Capped Ram
60:33 Siege Ram
61:14 Champi Warrior
61:40 Arson
62:12 Chain Mail Armor
61:55 Elite Champi Warrior
64:41 Plate Mail Armor
66:40 Hoardings
67:06 Two-Man Saw
66:01 Gold Mining
Jolatis
6:10 Loom
8:43 Feudal Age
9:32 Double-Bit Axe
10:30 Town Watch
10:36 Double-Bit Axe
15:54 Fletching
24:50 Castle Age
24:03 Padded Archer Armor
23:56 Horse Collar
25:29 Bodkin Arrow
24:55 Crossbowman
28:10 Wheelbarrow
32:16 Bow Saw
33:49 Scale Barding Armor
34:49 Forging
36:37 Bloodlines
36:27 Husbandry
36:58 Hand Cart
40:52 Imperial Age
38:46 Town Watch
41:13 Chain Barding Armor
42:00 Leather Archer Armor
41:08 Cavalier
42:40 Plate Barding Armor
42:00 Gold Mining
44:11 Ballistics
44:52 Chemistry
44:27 Paladin
49:12 Light Cavalry
51:28 Winged Hussar
57:04 Caravan
69:50 Iron Casting
74:18 Masonry
mxrider971
6:21 Loom
8:56 Feudal Age
9:53 Double-Bit Axe
10:34 Horse Collar
16:00 Scale Barding Armor
20:12 Castle Age
18:33 Scale Barding Armor
19:16 Bloodlines
21:18 Chain Barding Armor
20:59 Husbandry
21:02 Heavy Plow
21:26 Bow Saw
26:04 Wheelbarrow
29:44 Fletching
32:45 Forging
33:16 Ballistics
32:53 Bodkin Arrow
34:07 Padded Archer Armor
38:47 Imperial Age
37:08 Hand Cart
36:39 Town Watch
37:36 Leather Archer Armor
38:51 Elite Genoese Crossbowman
39:53 Conscription
40:38 Chemistry
39:40 Bracer
40:12 Ring Archer Armor
39:32 Cavalier
40:53 Plate Barding Armor
41:57 Iron Casting
41:31 Light Cavalry
43:31 Conscription
42:55 Hussar
46:00 Blast Furnace
m1gzu
6:28 Loom
8:37 Feudal Age
13:27 Fletching
15:57 Double-Bit Axe
17:03 Padded Archer Armor
17:51 Wheelbarrow
21:12 Padded Archer Armor
ME_DEPRIME_JUGAR_CON_USTEDES
5:47 Loom
6:12 Loom
8:36 Feudal Age
9:13 Double-Bit Axe
10:10 Horse Collar
22:49 Castle Age
21:34 Scale Barding Armor
22:53 Bloodlines
22:54 Forging
23:52 Chain Barding Armor
23:18 Light Cavalry
26:20 Wheelbarrow
28:04 Iron Casting
29:55 Stone Mining
31:24 Hand Cart
31:43 Fletching
32:21 Bow Saw
33:16 Bodkin Arrow
33:35 Gold Mining
34:42 Padded Archer Armor
37:21 Husbandry
41:32 Imperial Age
39:58 Leather Archer Armor
41:38 Capped Ram
42:45 Drill
41:49 Hussar
42:54 Conscription
42:37 Bracer
44:03 Heavy Plow
44:26 Ballistics
45:44 Elite Mangudai
48:07 Chemistry
52:44 Masonry
56:09 Thumb Ring
66:00 Siege Ram
69:25 Blast Furnace
75:30 Parthian Tactics
mc 88
1:23 Loom
9:40 Feudal Age
10:25 Double-Bit Axe
12:19 Fletching
13:18 Horse Collar
15:42 Padded Archer Armor
20:29 Stone Mining
24:16 Castle Age
22:39 Gold Mining
24:26 Crossbowman
25:03 Bodkin Arrow
25:23 Leather Archer Armor
25:54 Bow Saw
25:47 Heavy Plow
26:23 Ballistics
28:10 Wheelbarrow
30:56 Hand Cart
32:10 Town Watch
36:35 Imperial Age
35:03 Scale Mail Armor
35:13 Forging
35:01 Pikeman
35:42 Squires
37:01 Anarchy
37:36 Chain Mail Armor
37:57 Iron Casting
37:45 Conscription
38:05 Elite Huskarl
39:45 Crop Rotation
40:09 Halberdier
42:16 Blast Furnace
41:17 Bracer
46:37 Ring Archer Armor
50:22 Two-Man Saw
60:52 Chemistry
60:03 Masonry
59:26 Elite Skirmisher
61:33 Caravan
62:03 Coinage
61:44 Guilds
65:27 Banking
Connection lost

Rejoining the realm…

Still unreachable

The connection could not be restored.

Session expired

The server has moved on; the page needs a fresh start.